 Dungeon Crawl Stone Soup version 0.25-a0-496-g8c4878dea3 (webtiles) character file.

Game seed: 12963567011898887778, levelgen mode: deterministic

631 Kohma the Shield-Bearer (level 7, -1/44 HPs)
             Began as a Gargoyle Fighter on Feb 12, 2020.
             Killed by divine providence
             ... invoked by an orc priest
              (17 damage)
             ... on level 4 of the Dungeon.
             The game lasted 00:07:38 (3049 turns).

Kohma the Shield-Bearer (Gargoyle Fighter)          Turns: 3049, Time: 00:07:38

Health: -1/44      AC: 14    Str: 21    XL:     7   Next: 48%
Magic:  7/7        EV:  8    Int:  9    God:
Gold:   177        SH: 10    Dex:  9    Spells: 6/6 levels left

rFire    . . .     SeeInvis .   a - +0 long sword
rCold    . . .     Gourm    .   c - +0 kite shield
rNeg     + . .     Faith    .   b - +0 scale mail
rPois    ∞         Spirit   .   v - +0 helmet
rElec    +         Reflect  .   (no cloak)
rCorr    .         Harm     .   z - +0 pair of gloves
MR       .....                  (no boots)
Stlth    ..........             (no amulet)
HPRegen  0.14/turn              (no ring)
MPRegen  0.10/turn              (no ring)

@: no status effects
A: negative energy resistance 1, electricity resistance, unbreathing,
petrification resistance, rot immunity, AC +4
a: no special abilities


You were on level 4 of the Dungeon.
You were not hungry.

You visited 1 branch of the dungeon, and saw 5 of its levels.

You collected 177 gold pieces.

Inventory:

Hand Weapons
 a - a +0 long sword (weapon)
 t - a +2 dagger of holy wrath
Missiles
 l - 57 poisoned darts
 q - 5 curare-tipped darts (quivered)
 w - a throwing net
Armour
 b - a +0 scale mail (worn)
 c - a +0 kite shield (worn)
 v - a +0 helmet (worn)
 z - a +0 pair of gloves (worn)
Jewellery
 e - a cursed ring of teleportation {unknown}
 j - an uncursed ring of wizardry {unknown}
 o - a cursed -3 ring of strength {unknown}
Scrolls
 g - a scroll of magic mapping {unknown}
 h - 2 scrolls of immolation {unknown}
 p - 3 scrolls of remove curse {unknown}
 r - 4 scrolls of identify {unknown}
 s - a scroll of enchant weapon {unknown}
 u - 2 scrolls of fog {unknown}
 x - 2 scrolls of noise {unknown}
 y - a scroll of teleportation {unknown}
Potions
 d - a potion of might
 i - 2 potions of curing {unknown}
 k - a potion of heal wounds {unknown}
 m - 2 potions of lignification {unknown}
 n - a potion of haste {unknown}
Comestibles
 f - 7 rations


   Skills:
 + Level 4.8 Fighting
 * Level 4.3 Long Blades
 + Level 4.8 Armour
 * Level 6.0 Shields


You had 6 spell levels left.
You didn't know any spells.
Your spell library was empty.

Dungeon Overview and Level Annotations

Branches:
Dungeon (5/15)
 Temple: D:4-7

Altars:
Trog


Innate Abilities, Weirdness & Mutations

You are resistant to torment.
Your stone body is resilient. (AC +4)
You are immune to poison.
You resist negative energy. (rN+)
You are resistant to electric shocks. (rElec)
You can survive without breathing.
You are immune to petrification.
You are immune to rotting.


Message History

You block the orc priest's attack.
You barely miss the orc priest.
The orc priest is lightly wounded.
The orc priest looks braver for a moment.
You block the orc priest's attack.
You hit the orc priest.
The orc priest is heavily wounded.
The orc priest invokes the aid of Beogh against you.
Beogh smites you!
Your scale mail prevents you from hitting the orc priest.
The orc priest is heavily wounded.
The orc priest hits you but does no damage.
You closely miss the orc priest.
The orc priest is heavily wounded.
You block the orc priest's attack.
You hit the orc priest.
The orc priest is heavily wounded.
The orc priest mumbles some strange prayers to Beogh against you.
Beogh smites you!
You die...

#.#.#.#
..#.#.#
#.#.#
#######.#.#
..........#
######.###
#.#
..######.#
..oo{{o@.#
..########


You could see an orc priest, an orc wizard and an orc.

Vanquished Creatures
  Grinder (D:3)
  Eustachio (D:4)
  A phantom (D:2)
  2 worker ants (D:4)
  Robin (D:3)
  6 adders
  2 oozes
  2 worms
  A dart slug (D:2)
  3 leopard geckos
  5 orcs
  3 bats
  4 giant cockroaches (D:2)
  13 goblins
  5 hobgoblins
  9 jackals
  6 kobolds
  2 quokkas
  4 frilled lizards
  4 rats
75 creatures vanquished.

Notes
Turn   | Place    | Note
-------+----------+-------------------------------------------
     0 | D:1      | Kohma the Gargoyle Fighter began the quest for the Orb.
     0 | D:1      | Reached XP level 1. HP: 14/14 MP: 1/1
   259 | D:1      | Reached XP level 2. HP: 19/19 MP: 2/2
   826 | D:2      | Noticed a phantom
   862 | D:2      | Killed a phantom
   862 | D:2      | Reached skill level 4 in Shields
   862 | D:2      | Reached XP level 3. HP: 13/24 MP: 3/3
   862 | D:2      | Reached XP level 4. HP: 16/29 MP: 4/4
  1030 | D:2      | Reached XP level 5. HP: 30/33 MP: 5/5
  1470 | D:2      | Found a bloodstained altar of Trog.
  1850 | D:3      | Noticed Robin
  1874 | D:3      | Killed Robin
  1890 | D:3      | Noticed Grinder
  1893 | D:3      | Paralysed by Grinder for 7 turns
  1902 | D:3      | Paralysed by Grinder for 5 turns
  1912 | D:3      | Paralysed by Grinder for 7 turns
  1921 | D:3      | Paralysed by Grinder for 6 turns
  1929 | D:3      | Killed Grinder
  1929 | D:3      | Reached skill level 5 in Shields
  1929 | D:3      | Reached XP level 6. HP: 14/39 MP: 6/6
  2482 | D:4      | Noticed Eustachio
  2563 | D:4      | Killed Eustachio
  2563 | D:4      | Reached XP level 7. HP: 12/44 MP: 7/7
  2870 | D:4      | You fall into a shaft and drop 1 floor!
  2870 | D:5      | Entered Level 5 of the Dungeon
  3029 | D:4      | Reached skill level 6 in Shields
  3049 | D:4      | Killed from afar by an orc priest

Levels and vault maps discovered:
D:1:      minmay_arrival_cross, layout_loops_ring, nrook_loot_triangle,
          minmay_misc_feat_plants
D:2:      layout_loops_ring, first_ration, trog_butcher_becter
D:3:      layout_rooms, uniq_grinder, uniq_robin
D:4:      layout_loops_ring, temple_statues, gammafunk_ghost_necromancy,
          uniq_natasha, uniq_eustachio
D:5:      layout_cave_pools, nrook_uturn

Skill      XL: |  1  2  3  4  5  6  7 |
---------------+----------------------+-----
Long Blades    | 2 3 4 |  4.3
Shields        | 4 5 6 |  6.0
Armour         | 4 |  4.8
Fighting       | 4 |  4.8

Action                   |  1- 3 |  4- 6 |  7- 9 || total
-------------------------+-------+-------+-------++-------
Melee: Long sword        |    63 |   297 |    40 ||   400
  Use: Potion            |       |     2 |       ||     2
  Eat: Chunk             |       |     6 |     2 ||     8
Armor: Scale mail        |    27 |   182 |    16 ||   225
Dodge: Dodged            |    22 |   105 |    12 ||   139
Block: Kite shield       |    26 |   163 |    22 ||   211
       Rpst.: Long sword |     6 |    37 |     3 ||    46

Table legend:
 A = Non-vault XP
 B = Vault XP
 C = Vault XP percentage of total XP
 D = Non-vault monster count
 E = Vault monster count
 F = Vault count percentage of total count
                 A         B        C        D         E       F
            +---------+---------+-------+---------+---------+-------
      Total |     387 |     515 |  57.1 |      57 |      18 |  24.0
            +---------+---------+-------+---------+---------+-------
        D:1 |      26 |       0 |   0.0 |      15 |       0 |   0.0
        D:2 |     193 |       9 |   4.5 |      18 |       4 |  18.2
        D:3 |      64 |     315 |  83.1 |      15 |      13 |  46.4
        D:4 |     104 |     191 |  64.7 |       9 |       1 |  10.0
            +---------+---------+-------+---------+---------+-------
